 Dungeon Crawl Stone Soup version 0.20-a0-823-gdec668e (webtiles) character file.

304 Idiomancer the Scratcher (level 6, -1/30 HPs)
             Began as a Felid Monk on Mar 6, 2017.
             Slain by tarabluh's ghost (11 damage)
             ... on level 4 of the Dungeon.
             The game lasted 00:10:41 (4682 turns).

Idiomancer the Scratcher (Felid Monk)               Turns: 4682, Time: 00:10:42

Health: -1/30      AC:  2    Str:  7    XL:     6   Next: 15%
Magic:  7/7        EV: 21    Int: 11    God:
Gold:   79         SH:  3    Dex: 21    Spells: 5/5 levels left
                                        Lives:  0   Deaths: 1

rFire    . . .     SeeInvis +     - Unarmed
rCold    . . .     Gourm    .   (armour unavailable)
rNeg     . . .     Faith    .   (shield unavailable)
rPois    .         Spirit   .   (helmet unavailable)
rElec    .         Reflect  +   (cloak unavailable)
rCorr    .         Harm     .   (gloves unavailable)
MR       .....                  (boots unavailable)
Stlth    ++++......             q - +3 amulet of reflection
Regen    0.1/turn               (no ring)
MPRegen  0.1/turn               j - ring of stealth

@: quick
A: no armour, no weapons or thrown items, stealth, claws 1, fangs 3, see
invisible, carnivore 3, speed 1, shaggy fur 2, slow metabolism 1, sharp paws
a: no special abilities


You were on level 4 of the Dungeon.
You were completely stuffed.

You visited 1 branch of the dungeon, and saw 4 of its levels.

You collected 79 gold pieces.

Inventory:

Jewellery
 j - a ring of stealth (left paw)
 n - an uncursed ring of ice
 q - a +3 amulet of reflection (around neck)
Scrolls
 b - 2 scrolls of immolation {unknown}
 c - 2 scrolls of blinking {unknown}
 d - 4 scrolls of fear
 e - 2 scrolls of teleportation {unknown}
 f - a scroll of amnesia {unknown}
 h - a scroll of remove curse {unknown}
 l - a scroll of identify
 p - a scroll of enchant armour {unknown}
Potions
 g - a potion of brilliance
 k - a potion of curing {unknown}
 m - a potion of haste
 o - 2 potions of invisibility
Comestibles
 a - 2 meat rations
 i - a royal jelly


   Skills:
 - Level 5.0 Fighting
 + Level 4.6 Dodging
 + Level 4.0 Stealth
 + Level 5.2 Unarmed Combat


You had 5 spell levels left.
You didn't know any spells.

Dungeon Overview and Level Annotations

Branches:
Dungeon (4/15)
 Temple: D:4-7

Altars:
Yredelemnul

Annotations:
D:4 tarabluh's ghost, amateur BaFi


Innate Abilities, Weirdness & Mutations

You cannot wear armour.
You are incapable of wielding weapons or throwing items.
Your paws allow you to move quietly. (Stealth)
You have sharp claws.
You have razor-sharp teeth.
You have supernaturally acute eyesight. (SInv)
You are carnivorous and can eat meat at any time.
You cover ground quickly.
You are covered in thick fur. (AC +2)
You have a slow metabolism.
Your sharp claws are effective at attacking unaware monsters.


Message History

Tarabluh's ghost is severely damaged.
You claw tarabluh's ghost!
Tarabluh's ghost is almost destroyed.
Tarabluh's ghost hits you.
* * * LOW HITPOINT WARNING * * *
You barely miss tarabluh's ghost.
Tarabluh's ghost is almost destroyed.
Tarabluh's ghost closely misses you.
You scratch tarabluh's ghost but do no damage.
You bite tarabluh's ghost.
Tarabluh's ghost is almost destroyed.
Tarabluh's ghost misses you.
You barely miss tarabluh's ghost. Your bite misses tarabluh's ghost.
Tarabluh's ghost is almost destroyed.
Tarabluh's ghost closely misses you.
You scratch tarabluh's ghost but do no damage.
You bite tarabluh's ghost, but do no damage.
Tarabluh's ghost is almost destroyed.
Tarabluh's ghost hits you!
You die...

#################################
#......W.......W@...............#
#.#############################.#
#.# #.# #W# #.# #.# #.# #.#
..#####.# #.# ......... #.####
#.#####.# #....##.# #.#


You could see tarabluh's ghost.

Vanquished Creatures
  An ogre (D:4)
  A hound (D:2)
  An orc priest (D:3)
  An orc wizard (D:3)
  A worker ant (D:4)
  A gnoll (D:2)
  4 adders (D:2)
  An ooze (D:1)
  2 worms (D:2)
  7 dart slugs
  4 leopard geckos
  7 orcs (D:3)
  4 bats
  5 giant cockroaches
  6 goblins
  8 hobgoblins
  6 jackals (D:1)
  5 kobolds
  2 ball pythons (D:3)
  4 frilled lizards
  4 rats
  A spectral orc (D:3)
76 creatures vanquished.

Notes
Turn   | Place    | Note
-------+----------+-------------------------------------------
     0 | D:1      | Idiomancer the Felid Monk began the quest for the Orb.
     0 | D:1      | Reached XP level 1. HP: 10/10 MP: 2/2
   143 | D:1      | Reached XP level 2. HP: 7/14 MP: 3/3
   344 | D:1      | You fall through a shaft!
   715 | D:1      | Reached XP level 3. HP: 11/17 MP: 4/4
  1365 | D:2      | Reached XP level 4. HP: 10/22 MP: 5/5
  1892 | D:2      | Slain by a gnoll
  1893 | D:2      | Reached XP level 3. HP: -1/18 MP: 4/4
  1989 | D:2      | Reached XP level 4. HP: 9/22 MP: 5/5
  2814 | D:3      | Found a basalt altar of Yredelemnul.
  3150 | D:3      | Reached XP level 5. HP: 23/25 MP: 6/6
  4017 | D:3      | Reached skill level 5 in Unarmed Combat
  4091 | D:3      | Reached skill level 5 in Fighting
  4321 | D:4      | Noticed an ogre
  4339 | D:4      | Killed an ogre
  4339 | D:4      | Gained mutation: You are covered in thick fur. (AC +2) [Felid growth]
  4339 | D:4      | Reached XP level 6. HP: 30/30 MP: 7/7
  4603 | D:4      | Noticed tarabluh's ghost (amateur BaFi)
  4682 | D:4      | Slain by tarabluh's ghost

Vault maps used:
D:1:      dpeg_arrival_tiny_a
D:2:      cheibrodos_gnoll_hut
D:3:      yredelemnul_forgotten_temple_becter
D:4:      lemuel_coloured_pillars_altar, kennysheep_little_box

Skill      XL: |  1  2  3  4  5 |
---------------+----------------+-----
Stealth        | 3 4 |  4.0
Fighting       | 4 5 |  5.0
Unarmed Combat | 4 5 |  5.2
Dodging        | |  4.6

Action                   |  1- 3 |  4- 6 || total
-------------------------+-------+-------++-------
Melee: Unarmed           |   107 |   164 ||   271
       Bite              |     5 |    25 ||    30
       Punch             |     3 |     6 ||     9
  Use: Scroll            |       |     3 ||     3
       Potion            |       |     1 ||     1
 Stab: Sleeping          |     8 |     3 ||    11
       Distracted        |     1 |     2 ||     3
  Eat: Chunk             |    10 |    10 ||    20
Armor: Skin              |     4 |     2 ||     6
Dodge: Dodged            |    89 |   102 ||   191
Block: Other             |       |     9 ||     9
       Reflection        |       |     1 ||     1
